[Event "Late-Titled-Tuesday-Blitz-September-12-2023"]
[Site "Chess.com"]
[Date "2023.09.12"]
[Round "9"]
[White "Mikhal867"]
[Black "GoltsevDmitry2000"]
[Result "0-1"]
[WhiteElo "2458"]
[BlackElo "2632"]
[TimeControl "180+1"]
[EndTime "15:39:17 PDT"]
[Termination "GoltsevDmitry2000 won by resignation"]

1. c4 e5 2. Nc3 Nf6 3. g3 Nc6 4. Bg2 a5 5. e3 Bc5 6. Nge2 O-O 7. O-O d6 8. d3 Bg4 9. h3 Bf5 10. Kh2 Qd7 11. e4 Bg6 12. f4 exf4 13. gxf4 Bh5 14.
Qe1 Nb4 15. Qd2 Rae8 16. Ng3 g6 17. d4 Ba7 18. a3 Nc6 19. Nb5 Bb6 20. d5 Nb8 21.
Qc3 Qe7 22. b4 axb4 23. axb4 Na6 24. Bb2 Nxb4 25. Qxf6 Qxf6 26. Bxf6 Nc2 27. Nxh5 Nxa1 28. Bxa1 gxh5 29. e5 dxe5 30. fxe5 Ra8 31. Be4 Rfe8 32.
Bc3 Ra2+ 33. Kh1 Re2 34. Bf3 Re3 35. Rg1+ Kh8 36. e6+ Rxc3 37. exf7 Rf8 38. Nxc3 Bxg1 39. Kxg1 Rxf7 40. Bxh5 Rf4 41. c5 Rc4 42. Ne2 Rxc5 43. Bf3 b5 44. Kf2 b4 45. Nd4 Rc4 46. Ke3 b3 47.
Be4 b2 48. Nb3 Rc3+ 49. Kd2 Rxb3 50. Bb1 Rxh3 0-1

[Event "Late-Titled-Tuesday-Blitz-September-12-2023"]
[Site "Chess.com"]
[Date "2023.09.12"]
[Round "9"]
[White "RichardLeyvaP"]
[Black "jcibarra"]
[Result "0-1"]
[WhiteElo "2638"]
[BlackElo "2944"]
[TimeControl "180+1"]
[EndTime "15:39:18 PDT"]
[Termination "jcibarra won on time"]

1. e4 c5 2. Nf3 e6 3. d4 cxd4 4.
Nxd4 Bc5 5. Nb3 Bb6 6. Nc3 Ne7 7. Bd3 O-O 8. Qe2 f5 9. f3 f4 10. Bd2 Nbc6 11. O-O-O Ng6 12. Kb1 a6 13. g3 Nce5 14. Rdf1 Bc7 15. gxf4 Nxf4 16. Bxf4 Rxf4 17. Qe3 Qf6 18.
Nd2 b5 19. Ne2 Rh4 20. f4 Nxd3 21. cxd3 Bb7 22. Qg3 Rf8 23. Rhg1 Qh6 24. Rf2 Rh3 25.
Qg4 Rxd3 26. Nc1 Rh3 27. e5 Bxe5 28. Rg3 Rh4 29. Qe2 Rhxf4 30. Rxf4 Bxf4 31. Rd3 Bxd2 32.
Rxd2 Be4+ 33. Ka1 Rf1 34. Qxf1 Qxd2 35. h4 h6 36. Nb3 Qc2 37. Qg1 Bd5 38. Nd4 Qd3 39. a3 e5 0-1

[Event "Late-Titled-Tuesday-Blitz-September-12-2023"]
[Site "Chess.com"]
[Date "2023.09.12"]
[Round "9"]
[White "dretch"]
[Black "DefiantChair"]
[Result "0-1"]
[WhiteElo "2847"]
[BlackElo "2684"]
[TimeControl "180+1"]
[EndTime "15:39:18 PDT"]
[Termination "DefiantChair won by checkmate"]

1. d4 Nf6 2. c4 e6 3. Nf3 d5 4. Nc3 Bb4 5. Qa4+ Nc6 6. e3 O-O 7. Be2 dxc4 8. O-O Re8 9. a3 Bd6 10. Qxc4 e5 11. d5 Ne7 12. e4 Ng6 13. Re1 a6 14. Bf1 h6 15. Be3 b5 16. Qb3 Bb7 17. Rac1 c5 18. Nd2 Ng4 19. a4 Nxe3 20. fxe3 c4 21. Bxc4 bxc4 22. Qxb7 Rb8 23. Qxa6 Rb6 24. Qa5 Bb4 25. Qa7 Re7 26. Qxb6 Qxb6 27. Nxc4 Qa6 28. b3 Rd7 29. Red1 Bxc3 30. Rxc3 f6 31. a5 Ne7 32. b4 Nc8 33. d6 Nxd6 34. Rcc1 Kf7 35.
Nb6 Rd8 36. Rc7+ Kg8 37. Rc6 Qe2 38. Rdxd6 Qe1# 0-1

[Event "Late-Titled-Tuesday-Blitz-September-12-2023"]
[Site "Chess.com"]
[Date "2023.09.12"]
[Round "9"]
[White "vladislavkovalev"]
[Black "lachesisQ"]
[Result "0-1"]
[WhiteElo "2905"]
[BlackElo "3086"]
[TimeControl "180+1"]
[EndTime "15:39:19 PDT"]
[Termination "lachesisQ won on time"]

1. e4 g6 2. d4 Bg7 3. Be3 d6 4. Qd2 Nd7 5. f4 c5 6. Nf3 cxd4 7.
Bxd4 Ngf6 8. e5 Ne4 9. Qe3 d5 10.
e6 Ndf6 11. exf7+ Kxf7 12. Ne5+ Kg8 13. Be2 Nd6 14. g4 Qe8 15. Nc3 h5 16. g5 Nf5 17.
Qd3 Ng4 18. Nxd5 Nxd4 19. Qxd4 Nxe5 20. fxe5 Kh7 21. Bd3 Rf8 22. O-O-O Bg4 23. Nc7 Qd8 24. Qxd8 Raxd8 25. Rdf1 Bxe5 26. Rxf8 Rxf8 27. Nd5 Bd6 28. Re1 Rf7 29. h4 Kg7 30. c4 Rf2 31. Nxe7 Bf4+ 32. Kb1 Bg3 33. Nxg6 Rxb2+ 34. Kxb2 Bxe1 35.
Ne7 Kf7 36. Nf5 Ke6 37. Ne3 Bf3 0-1

[Event "Late-Titled-Tuesday-Blitz-September-12-2023"]
[Site "Chess.com"]
[Date "2023.09.12"]
[Round "9"]
[White "djano"]
[Black "kreonx"]
[Result "1-0"]
[WhiteElo "2632"]
[BlackElo "2456"]
[TimeControl "180+1"]
[EndTime "15:39:19 PDT"]
[Termination "djano won by resignation"]

1. e4 c6 2. d4 d5 3. exd5 cxd5 4. Bd3 Nc6 5. c3 g6 6. Nf3 Bf5 7. O-O Nf6 8. Ne5 Bxd3 9. Nxd3 Bg7 10. Qb3 b6 11.
Bf4 O-O 12. Nd2 Ne4 13. Rfe1 Nxd2 14. Bxd2 e6 15. h3 Na5 16. Qc2 Nc4 17. Bf4 Rc8 18. a4 a5 19. Qb3 Qd7 20. Re2 Rc6 21. Rae1 Rfc8 22. h4 h5 23. Bg3 Nd6 24. Be5 Nc4 25.
Bf4 Bf6 26. g3 Qb7 27. Ne5 Nxe5 28. Bxe5 Bxe5 29. Rxe5 Rc4 30. Qd1 Qc6 31. g4 hxg4 32. Qxg4 Kf8 33. h5 gxh5 34. Rxh5 Ke7 35. Qg5+ Kd6 36.
Rh7 Rf8 37. Qg7 Ke7 38. Qg5+ Ke8 39. f4 Qd6 40. f5 Qe7 41. Qg3 Qc7 42. Rxe6+ Kd8 43.
Qxc7+ Kxc7 44. Rf6 Rxa4 45. Rhxf7+ Rxf7 46. Rxf7+ Kd6 47. Rb7 Kc6 48. f6 Ra1+ 49. Kg2 Kxb7 50. f7 Rb1 51. f8=Q Rxb2+ 52. Kf3 Rb3 53. Qe7+ Kc6 54. Qe8+ Kc7 55. Qf7+ Kc6 56. Qe6+ Kc7 57. Qxd5 Rxc3+ 58. Ke4 Rc6 59. Qf7+ Kb8 60. d5 Rc7 61. Qf8+ Kb7 62. d6 Rh7 63. Qe7+ Rxe7+ 64. dxe7 Ka6 65. e8=Q 1-0

[Event "Late-Titled-Tuesday-Blitz-September-12-2023"]
[Site "Chess.com"]
[Date "2023.09.12"]
[Round "9"]
[White "rasmussvane"]
[Black "artin10862"]
[Result "1/2-1/2"]
[WhiteElo "3008"]
[BlackElo "2980"]
[TimeControl "180+1"]
[EndTime "15:39:20 PDT"]
[Termination "Game drawn by agreement"]

1. Nf3 c5 2. c4 Nc6 3. Nc3 g6 4. e3 Nf6 5. d4 cxd4 6. exd4 d5 7. cxd5 Nxd5 8. Qb3 Nxc3 9. Bc4 e6 10. bxc3 a6 11.
Bd3 Bg7 12. Ba3 Ne7 13. O-O O-O 14. c4 Re8 15. Rad1 Rb8 16. Bb2 Qc7 17. Rfe1 b5 18.
cxb5 axb5 19. Bxb5 Bd7 20. a4 Bxb5 21. axb5 Qb6 22.
Ba3 Qxb5 23. Qxb5 Rxb5 24. Bxe7 Rxe7 25. d5 e5 26. Nd4 Rc5 27. Nc6 Rd7 28. Nxe5 Rdxd5 29.
Rxd5 Rxd5 30. Nf3 Rd8 31. g3 Bf6 32. Kg2 Kg7 33. g4 Rd5 34. h3 h5 35. Re4 hxg4 36. hxg4 Bd8 37. Rb4 Bc7 38. Rd4 Rxd4 39. Nxd4 Kf6 40.
Nf3 Bf4 41. Ne1 Ke6 42. Kf3 Bd6 43. Ke4 f5+ 44. gxf5+ gxf5+ 45. Kf3 Kf6 1/2-1/2

[Event "Late-Titled-Tuesday-Blitz-September-12-2023"]
[Site "Chess.com"]
[Date "2023.09.12"]
[Round "9"]
[White "Mops_2004"]
[Black "chessisveryfun1264"]
[Result "1-0"]
[WhiteElo "2721"]
[BlackElo "2544"]
[TimeControl "180+1"]
[EndTime "15:39:21 PDT"]
[Termination "Mops_2004 won by resignation"]

1. g3 d5 2. Nf3 Nc6 3. d4 Nf6 4. Bg2 Bf5 5. O-O e6 6. c4 h6 7. Nc3 Be7 8. Ne5 O-O 9. Bf4 Ne4 10. cxd5 exd5 11. Nxc6 bxc6 12. Nxe4 Bxe4 13. Rc1 Qd7 14. Qa4 Rab8 15. b3 Rb6 16. Qxa7 Bd6 17. Bxd6 Qxd6 18. Rc5 Bxg2 19. Kxg2 f5 20. e3 g5 21. Qa5 f4 22. exf4 gxf4 23. Qd2 f3+ 24. Kh1 Rf5 25. Rc3 Rb8 26. Qc2 Rf6 27. Rc1 Re8 28. Re3 Rxe3 29.
fxe3 Qe6 30. Qf2 Qe4 31. Rd1 Re6 32. Re1 Rf6 33. h3 h5 34. Kh2 Qd3 35. g4 hxg4 36.
Rg1 Qe2 37. Rxg4+ Kf7 38. Kg3 Qd1 39. Rf4 Rxf4 40. Kxf4 Qb1 41. Kxf3 Qxa2 42. Qxa2 1-0

[Event "Late-Titled-Tuesday-Blitz-September-12-2023"]
[Site "Chess.com"]
[Date "2023.09.12"]
[Round "9"]
[White "Dewarfd"]
[Black "Miguelitro69"]
[Result "0-1"]
[WhiteElo "2204"]
[BlackElo "2293"]
[TimeControl "180+1"]
[EndTime "15:39:21 PDT"]
[Termination "Miguelitro69 won on time"]

1. d4 d6 2. e3 Nf6 3. Nf3 g6 4.
Be2 Bg7 5. b4 O-O 6. Bb2 a5 7.
b5 c6 8. a4 c5 9. O-O b6 10.
Nbd2 Bb7 11. c4 cxd4 12. exd4 Nbd7 13. Nb3 Rc8 14. Rc1 e6 15. Ba3 Qe7 16. c5 dxc5 17. dxc5 Bd5 18. Bc4 Nxc5 19. Bxc5 bxc5 20. Re1 Rfd8 21.
Bxd5 Nxd5 22. Qc2 c4 23. Nbd4 Nb4 24. Qb1 Bxd4 25. Nxd4 Rxd4 26. b6 Qb7 27. Red1 Rcd8 28.
Qa1 Qxb6 29. h3 Rd2 30. Rxd2 Rxd2 31. Qf6 Qd4 32. Qf3 Nd3 33. Rf1 c3 34. Qa8+ Kg7 35.
Qxa5 Nxf2 36. Kh2 Qf4+ 37. Kg1 Qg3 0-1

[Event "Late-Titled-Tuesday-Blitz-September-12-2023"]
[Site "Chess.com"]
[Date "2023.09.12"]
[Round "9"]
[White "KamlaPasand"]
[Black "Gyulamiryan-koryun"]
[Result "1-0"]
[WhiteElo "2291"]
[BlackElo "2013"]
[TimeControl "180+1"]
[EndTime "15:39:22 PDT"]
[Termination "KamlaPasand won on time"]

1. e4 c5 2. Nf3 d6 3. Bb5+ Bd7 4. Bxd7+ Qxd7 5. O-O g6 6. d4 Bg7 7. dxc5 dxc5 8. Qxd7+ Nxd7 9. c3 b5 10. Nbd2 a5 11.
Nb3 a4 12. Nbd2 b4 13. cxb4 cxb4 14. a3 b3 15. Nc4 Ngf6 16. e5 Ne4 17. Re1 Nec5 18.
Bd2 Nd3 19. Re3 N7c5 20. Bc3 e6 21. Rd1 Nf4 22. Bb4 Nb7 23. Nb6 Ra6 24. Re4 Rxb6 25. Rxf4 Bf8 26. Bxf8 Rxf8 27. Rxa4 Nc5 28. Ra8+ Ke7 29.
Rxf8 Kxf8 30. Nd4 Na4 31. Rd2 Rb7 32. f4 Nc5 33. Nc6 Rc7 34. Na5 Ne4 35. Rd1 Rc2 36. Nxb3 Rxb2 37. Nd4 Nc3 38. Ra1 Na4 39. Nc6 Kg7 40.
Nb4 f6 41. Rd1 fxe5 42. fxe5 Nc3 43. Rd7+ Kh6 44. Nd3 Ne4 45. Nxb2 Nc5 46. Rc7 Ne4 47.
Rc6 Nd2 48. Rxe6 Nb1 49. a4 Nc3 50. a5 Nb5 51. a6 Nc7 52. Re7 Nxa6 53. e6 Nc5 54.
Re8 Kg7 55. Nc4 Kf6 56. e7 Kf7 57. Nd6+ 1-0

[Event "Late-Titled-Tuesday-Blitz-September-12-2023"]
[Site "Chess.com"]
[Date "2023.09.12"]
[Round "9"]
[White "laskakid"]
[Black "a-z30"]
[Result "0-1"]
[WhiteElo "2250"]
[BlackElo "2418"]
[TimeControl "180+1"]
[EndTime "15:39:23 PDT"]
[Termination "a-z30 won by resignation"]

1. d4 d6 2. Nf3 Nf6 3. c4 g6 4.
Nc3 Bg7 5. Bg5 O-O 6. e3 c5 7. d5 Qb6 8. Qc2 Nbd7 9. Be2 Re8 10. O-O e6 11. e4 exd5 12. exd5 Ne5 13. Nd2 Bf5 14. Qb3 Nd3 15. Bxd3 Bxd3 16. Rfe1 Qxb3 17. axb3 a6 18. Bf4 Rxe1+ 19. Rxe1 Re8 20. Rxe8+ Nxe8 21. Nde4 Bf8 22. f3 Bc2 23. Nd2 h6 24. h4 f5 25. Kf2 Kf7 26. g4 Ke7 27. Na2 Bg7 28.
b4 cxb4 29. Nxb4 Ba4 30. b3 Bd7 31. Nd3 fxg4 32. fxg4 Bxg4 33. c5 Bf5 34. cxd6+ Nxd6 35. Nc5 Bd4+ 36. Be3 Bxc5 37. Bxc5 Kd7 38. Nc4 Ne4+ 39.
Ke3 Nxc5 40. Ne5+ Kd6 41. Nf7+ Kxd5 42. Nxh6 Nxb3 43. Nxf5 gxf5 44. h5 Ke6 45. h6 Kf6 46. h7 Kg7 47. Kf4 Kxh7 48. Kxf5 a5 0-1

[Event "Late-Titled-Tuesday-Blitz-September-12-2023"]
[Site "Chess.com"]
[Date "2023.09.12"]
[Round "9"]
[White "Skagoogle"]
[Black "Alphafischer2019"]
[Result "1-0"]
[WhiteElo "2781"]
[BlackElo "2562"]
[TimeControl "180+1"]
[EndTime "15:39:24 PDT"]
[Termination "Skagoogle won by checkmate"]

1. e4 e6 2. d4 d5 3. Nc3 dxe4 4. Nxe4 Nd7 5. Bd3 Ngf6 6. Qe2 Nxe4 7. Bxe4 Nf6 8.
Bxb7 Bxb7 9. Qb5+ Qd7 10. Qxb7 Rd8 11. Nf3 c5 12. Qxd7+ Rxd7 13. dxc5 Bxc5 14. Be3 Bxe3 15.
fxe3 O-O 16. Ke2 Rc8 17. c3 Rb7 18. Rab1 Nd5 19. Rhc1 Rbc7 20. Rd1 g6 21. Rd2 Rb7 22. Rbd1 Kg7 23. e4 Nb6 24. Rd8 Rxd8 25. Rxd8 Na4 26.
Rd2 Nxb2 27. Rc2 Nc4 28. Kd3 Na3 29. Rf2 Rd7+ 30. Ke3 Nc4+ 31. Kf4 f6 32. e5 Rd3 33. exf6+ Kxf6 34. Ke4 Rd5 35. Ne5+ Ke7 36. Nxc4 Rc5 37. Ne5 Rd5 38. c4 Ra5 39. Rf7+ Ke8 40. Rxh7 Rxa2 41. g4 a5 42. c5 Kd8 43. Ra7 a4 44. c6 a3 45. Nf7+ Kc8 46. Nd6+ Kb8 47. c7+ Kxa7 48. c8=Q Re2+ 49. Kd3 a2 50. Qc7+ Ka6 51. Qb7+ Ka5 52. Qb5# 1-0

[Event "Late-Titled-Tuesday-Blitz-September-12-2023"]
[Site "Chess.com"]
[Date "2023.09.12"]
[Round "9"]
[White "chosenpr"]
[Black "HrvojeZagreb"]
[Result "0-1"]
[WhiteElo "2368"]
[BlackElo "2299"]
[TimeControl "180+1"]
[EndTime "15:39:24 PDT"]
[Termination "HrvojeZagreb won on time"]

1. d4 d5 2. c4 e6 3. Nc3 f5 4. Nf3 c6 5. g3 Nf6 6. Bg2 Bd6 7. O-O O-O 8. b3 Ne4 9. Bb2 b6 10. Ne5 Bb7 11. f3 Nxc3 12. Bxc3 f4 13. Bh3 Qe7 14. Bd2 fxg3 15. hxg3 Bxe5 16. dxe5 d4 17. e3 dxe3 18. Bxe3 c5 19. Qd2 Nc6 20. Bg5 Qf7 21. Qd6 Nd4 22. Rad1 Qh5 23. Bxe6+ Nxe6 24. Qxe6+ Kh8 25. Qg4 Bxf3 26.
Qxh5 Bxh5 27. Rxf8+ Rxf8 28. Rd7 h6 29. Be7 Ra8 30. Bd6 Bg4 31. Re7 a6 32. Kf2 b5 33.
Bxc5 bxc4 34. bxc4 Rc8 35. Be3 Rxc4 36. Ra7 Ra4 37.
Ke1 Rxa2 38. Bd4 Re2+ 39. Kf1 Re4 40. Bb2 Kh7 41. e6 h5 42. Rxg7+ Kh6 43. e7 a5 44. Rf7 a4 45. Bf6 a3 0-1

[Event "Late-Titled-Tuesday-Blitz-September-12-2023"]
[Site "Chess.com"]
[Date "2023.09.12"]
[Round "9"]
[White "MBA_CHESS_2021"]
[Black "AsaHoffmann"]
[Result "0-1"]
[WhiteElo "2212"]
[BlackElo "2336"]
[TimeControl "180+1"]
[EndTime "15:39:24 PDT"]
[Termination "AsaHoffmann won on time"]

1. d4 Nf6 2. c4 c5 3. d5 e5 4. Nc3 d6 5. e4 Be7 6. Bd3 Nbd7 7.
Nge2 Nf8 8. O-O Ng6 9. f4 Bg4 10.
f5 Nf8 11. Qa4+ N8d7 12. Ng3 h5 13. Be2 h4 14. Bxg4 hxg3 15. h3 Nxg4 16. hxg4 Bg5 17.
f6 Bxf6 18. Nb5 Be7 19. Rf3 a6 20. Nc3 Bh4 21. Bd2 f6 22. Be1 Ke7 23. Bxg3 Bxg3 24. Rxg3 Nf8 25. Nd1 Ng6 26. Ne3 Nf4 27. Nf5+ Kf7 28.
Kf2 g6 29. Ne3 b5 30. cxb5 axb5 31. Qc2 c4 32. a3 Qb6 33. Rf1 Qd4 34. Ke1 b4 35. axb4 Ra1+ 36. Kf2 Nd3+ 37. Ke2 Rxf1 38. Kxf1 Rh1+ 39. Ke2 Nf4+ 0-1

[Event "Late-Titled-Tuesday-Blitz-September-12-2023"]
[Site "Chess.com"]
[Date "2023.09.12"]
[Round "9"]
[White "Firouzja2003"]
[Black "Beca95"]
[Result "1-0"]
[WhiteElo "3085"]
[BlackElo "2956"]
[TimeControl "180+1"]
[EndTime "15:39:25 PDT"]
[Termination "Firouzja2003 won by resignation"]

1. d4 Nf6 2. Bg5 Nc6 3. c4 e5 4. d5 Ne7 5. Bxf6 gxf6 6. Nc3 d6 7. g3 f5 8. Bh3 h5 9. Nf3 Ng6 10.
Qc2 Qf6 11. O-O-O a6 12. Kb1 h4 13. Nd2 Bh6 14. e3 e4 15. f4 Bg7 16. Nb3 Qe7 17.
Ne2 Bd7 18. Ned4 Qf6 19. c5 Ne7 20. cxd6 cxd6 21. Qc7 b5 22. Na5 Rc8 23. Qb7 Rc5 24. Rc1 Bc8 25. Qa7 Rxd5 26. Nac6 Nxc6 27. Rxc6 O-O 28.
Rg1 Be6 29. g4 fxg4 30. Bxg4 Qg6 31. Nxe6 Rd2 32. Nxg7 Qxg7 33. Rc2 Rxc2 34. Kxc2 Kh8 35. Qd4 Rg8 36. Qxg7+ Rxg7 37. Rg2 d5 38. Bh3 1-0

[Event "Late-Titled-Tuesday-Blitz-September-12-2023"]
[Site "Chess.com"]
[Date "2023.09.12"]
[Round "9"]
[White "only_strong_moves"]
[Black "m_ezat"]
[Result "1-0"]
[WhiteElo "2521"]
[BlackElo "2655"]
[TimeControl "180+1"]
[EndTime "15:39:25 PDT"]
[Termination "only_strong_moves won on time"]

1. d4 Nf6 2. Nc3 d5 3. Bf4 c5 4. e4 cxd4 5. Qxd4 Nc6 6. Bb5 Bd7 7. Bxc6 Bxc6 8. exd5 Nxd5 9. Nxd5 Qxd5 10. Qxd5 Bxd5 11.
f3 e6 12. Ne2 Bc5 13. O-O-O O-O 14. Nc3 Bc6 15. Bd6 Be3+ 16. Kb1 Rfd8 17. Rhe1 Bf2 18. Re2 Bb6 19. Red2 h6 20. Ne4 Rac8 21. b3 Rd7 22.
c4 Rcd8 23. Kc2 f5 24. Nc5 Rxd6 25. Rxd6 Rxd6 26. Rxd6 Bxc5 27. Rxe6 Bf8 28. Kc3 Kf7 29. Re2 a5 30. Kd4 Bd6 31. h3 g5 32. c5 Bg3 33.
Kc4 h5 34. Rd2 h4 35. a3 Bf4 36. Re2 Bg3 37. b4 axb4 38. axb4 Bd7 39. b5 Be6+ 40.
Kb4 g4 41. hxg4 fxg4 42. fxg4 Bxg4 43. Rc2 1-0

[Event "Late-Titled-Tuesday-Blitz-September-12-2023"]
[Site "Chess.com"]
[Date "2023.09.12"]
[Round "9"]
[White "ilya2700"]
[Black "micke12a"]
[Result "1-0"]
[WhiteElo "2300"]
[BlackElo "2374"]
[TimeControl "180+1"]
[EndTime "15:39:25 PDT"]
[Termination "ilya2700 won by checkmate"]

1. c4 Nf6 2. Nc3 g6 3. e4 e5 4.
Nf3 Bg7 5. Nxe5 O-O 6. Nf3 Re8 7. Bd3 Nxe4 8. Bxe4 f5 9. d3 Bxc3+ 10. bxc3 fxe4 11. dxe4 Rxe4+ 12. Be3 Qe7 13. O-O d6 14. Ng5 Rxe3 15.
fxe3 Qxe3+ 16. Kh1 Qxg5 17. Qf3 Qf5 18. Qe3 Qe6 19. Qh6 Nd7 20. Rae1 Qxe1 21. Rxe1 Ne5 22. c5 Be6 23. cxd6 cxd6 24. Qd2 Bf5 25. Qxd6 Nc6 26.
Qd5+ Kg7 27. Qb5 Rb8 28. c4 a6 29. Qb2+ Kf7 30. h3 b5 31. cxb5 axb5 32. Rf1 Kg8 33. Kh2 b4 34. Qb3+ Kg7 35. g4 Be4 36. Qf7+ Kh6 37.
Qf4+ g5 38. Qxe4 Ne7 39. Qxe7 b3 40. Rf6# 1-0

[Event "Late-Titled-Tuesday-Blitz-September-12-2023"]
[Site "Chess.com"]
[Date "2023.09.12"]
[Round "9"]
[White "RCone"]
[Black "dennisodessa"]
[Result "0-1"]
[WhiteElo "2325"]
[BlackElo "2508"]
[TimeControl "180+1"]
[EndTime "15:39:27 PDT"]
[Termination "dennisodessa won by checkmate"]

1. e4 e6 2. d4 d5 3. e5 c5 4. c3 Nc6 5. Nf3 Qb6 6. Bd3 Bd7 7.
dxc5 Bxc5 8. O-O Qc7 9. Re1 Nge7 10. b4 Bb6 11. b5 Na5 12. a4 Nc4 13. Nbd2 Ng6 14.
Bxc4 dxc4 15. Ne4 O-O 16. a5 Bxa5 17. Rxa5 Qxa5 18. Qxd7 Rfd8 19. Qxb7 Rdb8 20. Qc6 Qxb5 21. Qxb5 Rxb5 22. Nd6 Rd5 23. Nxc4 Rc5 24. Nd6 Rxc3 25.
Be3 a5 26. Nd4 Nxe5 27. N4b5 Rd3 28. Bf4 Ng6 29. Bc1 a4 30. Ba3 Nf4 31. g3 Nd5 32.
Rc1 h5 33. h4 Rd8 34. Rc7 Nxc7 35. Nxc7 Rxa3 36. Ndb5 Rb3 37. Kg2 a3 38. Nxa3 Rxa3 39.
Nb5 Rb3 40. Na7 Rd6 41. Nc8 Rd7 42. f4 Rb8 43. Ne7+ Rxe7 44. g4 Rb3 45. gxh5 Ra7 46.
h6 Ra2+ 47. Kf1 Rb1# 0-1

[Event "Late-Titled-Tuesday-Blitz-September-12-2023"]
[Site "Chess.com"]
[Date "2023.09.12"]
[Round "9"]
[White "Ducke13"]
[Black "Inepton_Fermion"]
[Result "1-0"]
[WhiteElo "2511"]
[BlackElo "2372"]
[TimeControl "180+1"]
[EndTime "15:39:30 PDT"]
[Termination "Ducke13 won by resignation"]

1. d4 Nf6 2. g3 e6 3. c4 Bb4+ 4.
Nd2 O-O 5. Bg2 d5 6. Nf3 dxc4 7.
a3 Ba5 8. O-O c3 9. Nc4 cxb2 10.
Bxb2 Bb6 11. a4 c6 12. Ba3 Re8 13. Nd6 Rf8 14. Nxc8 Qxc8 15. Bxf8 Qxf8 16. Ne5 Nbd7 17. a5 Bc7 18. Nxd7 Nxd7 19. a6 Qd6 20. axb7 Rb8 21.
Rxa7 Bb6 22. Ra8 Qc7 23. Qc2 Qxb7 24. Qxc6 Qxc6 25. Bxc6 Rxa8 26. Bxa8 Kf8 27. e3 Ke7 28. Rb1 Bc7 29. Bc6 Nb6 30. h4 Kd6 31. Be4 f5 32.
Bf3 e5 33. dxe5+ Kxe5 34. Rb5+ Ke6 35. Rc5 Bd6 36. Rc6 Nd7 37. Kg2 Ne5 38. Ra6 Nd3 39.
Kf1 Ne5 40. Ke2 Nc4 41. Ra2 Ne5 42. Rd2 Nc4 43. Bd5+ 1-0

[Event "Late-Titled-Tuesday-Blitz-September-12-2023"]
[Site "Chess.com"]
[Date "2023.09.12"]
[Round "9"]
[White "emeli_chess"]
[Black "rdarruda"]
[Result "1-0"]
[WhiteElo "2383"]
[BlackElo "2495"]
[TimeControl "180+1"]
[EndTime "15:39:32 PDT"]
[Termination "emeli_chess won by resignation"]

1. d4 Nf6 2. c4 e5 3. dxe5 Ne4 4.
Nf3 Nc6 5. e3 d6 6. Be2 dxe5 7.
Qxd8+ Kxd8 8. O-O f6 9. Rd1+ Ke8 10. Nbd2 Nc5 11. Nb3 Be6 12. Nxc5 Bxc5 13. Bd2 Kf7 14. Bc3 Rhd8 15. h3 a5 16. Rxd8 Rxd8 17. b3 a4 18. Rd1 Ra8 19. Rb1 axb3 20. axb3 Ra3 21. Bd1 Nb4 22. Ra1 Rxa1 23. Bxa1 Bf5 24. Ne1 c6 25.
Bc3 Bb1 26. Kf1 Nd3 27. Nxd3 Bxd3+ 28. Ke1 Ke6 29. g4 g6 30. h4 f5 31. g5 b5 32. Kd2 bxc4 33. h5 e4 34. f4 Bf1 35.
h6 Bb6 36. b4 Kd5 37. Ba4 Bd3 38. Bd1 Bb1 39. Ba4 Ba2 40. Bd1 Bb3 41. Be2 c5 42.
Bh5 cxb4 43. Bxb4 gxh5 44. g6 1-0

[Event "Late-Titled-Tuesday-Blitz-September-12-2023"]
[Site "Chess.com"]
[Date "2023.09.12"]
[Round "9"]
[White "Jaka_Brilej"]
[Black "MajorCoast"]
[Result "1-0"]
[WhiteElo "2454"]
[BlackElo "2286"]
[TimeControl "180+1"]
[EndTime "15:39:33 PDT"]
[Termination "Jaka_Brilej won by checkmate"]

1. d4 d5 2. Nf3 Nf6 3. e3 c5 4.
dxc5 a5 5. c3 e6 6. b4 axb4 7.
cxb4 b6 8. Bb5+ Bd7 9. Bxd7+ Nbxd7 10. a4 bxc5 11. b5 c4 12. O-O Bd6 13. Bb2 O-O 14.
Nd4 Nc5 15. Nc6 Qc7 16. h3 Nd3 17. Bxf6 gxf6 18. Nd2 Kh8 19. Nf3 Rg8 20. Qc2 Rg7 21. Kh1 Rag8 22. Rg1 Nc5 23. Ncd4 Ne4 24. a5 Bg3 25. b6 Qb8 26. Nc6 Qd6 27. Rgf1 Qxc6 28.
Nd4 Qd6 29. b7 Bxf2 30. Rxf2 Nxf2+ 31. Qxf2 Rb8 32. a6 c3 33. a7 c2 34. Qxc2 Rgg8 35.
axb8=Q Rxb8 36. Ra8 Kg7 37. Rxb8 Qxb8 38. Qc8 Qg3 39.
b8=Q Qe1+ 40. Kh2 Qxe3 41. Qg3+ Qxg3+ 42. Kxg3 Kh6 43. Nxe6 f5 44. Qf8+ Kh5 45. Nf4+ Kg5 46. Qg7# 1-0

[Event "Late-Titled-Tuesday-Blitz-September-12-2023"]
[Site "Chess.com"]
[Date "2023.09.12"]
[Round "9"]
[White "Quattroporte300"]
[Black "NotFischer"]
[Result "1-0"]
[WhiteElo "2400"]
[BlackElo "2294"]
[TimeControl "180+1"]
[EndTime "15:39:34 PDT"]
[Termination "Quattroporte300 won by resignation"]

1. e4 d5 2. exd5 Qxd5 3. Nf3 Bg4 4. Be2 Nc6 5. h3 Bh5 6. O-O Nf6 7. d4 O-O-O 8. Be3 e6 9. c4 Qd7 10. Qb3 Na5 11. Qc3 Qa4 12. b3 Qb4 13. Rd1 Ne4 14.
Qxb4 Bxb4 15. g4 Bg6 16. Ne5 f6 17. Nxg6 hxg6 18. Kg2 Nc6 19. a3 Bc3 20. Nxc3 Nxc3 21. Rd2 Nxe2 22. Rxe2 Nxd4 23. Bxd4 Rxd4 24. Rxe6 Rd3 25.
Re3 Rxe3 26. fxe3 Rd8 27. Kf3 Rd3 28. Rb1 f5 29. Ke2 Rd6 30. Rg1 Rd7 31. gxf5 gxf5 32. Rg5 Rf7 33. Kf3 Kd7 34. Kf4 Ke6 35. Rg6+ Ke7 36.
Ke5 Kf8 37. h4 Re7+ 38. Re6 g6 39. Kf6 Rxe6+ 40. Kxe6 Kg7 41. Kd7 Kf6 42. Kxc7 Ke6 43. Kxb7 Ke5 44. c5 Ke4 45. c6 Kxe3 46. c7 f4 47.
c8=Q f3 48. Qe6+ Kf2 49. Qxg6 Ke2 50. Qe4+ Kf2 51. h5 1-0

[Event "Late-Titled-Tuesday-Blitz-September-12-2023"]
[Site "Chess.com"]
[Date "2023.09.12"]
[Round "9"]
[White "Qvalda"]
[Black "ural58"]
[Result "0-1"]
[WhiteElo "2363"]
[BlackElo "2549"]
[TimeControl "180+1"]
[EndTime "15:39:37 PDT"]
[Termination "ural58 won on time"]

1. Nf3 d5 2. e3 Nc6 3. Bb5 Bg4 4. h3 Bxf3 5. Qxf3 a6 6. Bxc6+ bxc6 7. b3 f6 8. Bb2 e5 9. c4 e4 10. Qh5+ g6 11.
Qe2 Bg7 12. h4 h5 13. Nc3 f5 14. O-O-O Nf6 15. d3 exd3 16. Rxd3 O-O 17. cxd5 cxd5 18.
Na4 c6 19. Kb1 Ne4 20. Rc1 Qxh4 21. Bxg7 Kxg7 22. Rxc6 Qxf2 23. Qxf2 Nxf2 24. Rxd5 Rad8 25. Rxd8 Rxd8 26. Rxa6 Re8 27. b4 Nd1 28. b5 Nxe3 29.
b6 Nxg2 30. b7 Rb8 31. Nc5 h4 32. Ra8 Rxb7+ 33. Nxb7 h3 34. Ra3 Nf4 35. Rf3 h2 36. Rf1 g5 37. Nd6 Kf6 38. Nc4 g4 39. a4 g3 40. Ne3 Ke6 41. a5 Nd5 42. Nxd5 Kxd5 43.
a6 g2 44. Rd1+ Kc4 45. a7 g1=Q 46. a8=Q Qxd1+ 47. Kb2 Qd4+ 48. Kb1 Qe4+ 0-1

[Event "Late-Titled-Tuesday-Blitz-September-12-2023"]
[Site "Chess.com"]
[Date "2023.09.12"]
[Round "9"]
[White "DvaHrasta"]
[Black "EnvigadoCity"]
[Result "1-0"]
[WhiteElo "2475"]
[BlackElo "2202"]
[TimeControl "180+1"]
[EndTime "15:39:38 PDT"]
[Termination "DvaHrasta won on time"]

1. c4 e5 2. g3 Nf6 3. Bg2 c6 4. Nf3 e4 5. Nd4 Qb6 6. Nc2 d5 7. cxd5 cxd5 8. Nc3 Bf5 9. Ne3 Be6 10. Nc2 Bf5 11.
d4 Nc6 12. O-O h5 13. h3 Bd6 14. Bg5 Ne7 15. Ne3 Be6 16. Qa4+ Bd7 17. Qb3 Qxd4 18. Rfd1 Qb6 19. Bxf6 gxf6 20. Qxb6 axb6 21. Ncxd5 Nxd5 22. Nxd5 Be5 23. Nxb6 Rd8 24. Bxe4 Bxh3 25. Bxb7 Rxd1+ 26. Rxd1 Bxb2 27. Bc6+ Kf8 28. Rd8+ Kg7 29. Rxh8 Kxh8 30. a4 Bd4 31. a5 Kg7 32. e3 Bc5 33. Na4 Ba7 34.
a6 Bc8 35. Bb7 Bd7 36. Nc3 Kf8 37. Kf1 Ke7 38. Ke2 Kd6 39. Ne4+ Ke6 40. Kd3 f5 41. Ng5+ Kf6 42. Nh3 Ke5 43. Nf4 Bb5+ 44. Kc3 Bc5 45. Nxh5 Kd6 46. Nf4 Kc7 47. Nd3 Bd6 48. Nb4 Kb8 49. Nd5 Ka7 50. Kd4 1-0